[Event "45th FIDE Olympiad 2024"]
[Site "Budapest"]
[Date "2024.09.13"]
[Round "3.74"]
[White "Mak, Tong Kuan"]
[Black "Kibrom, Weldegebriel Beraki"]
[Result "0-1"]
[ECO "B22"]
[WhiteElo "1902"]
[BlackElo "1885"]
[Annotator "NA RC"]
[PlyCount "127"]
[EventDate "2024.09.05"]
[EventType "team-tourn"]
[EventCountry "HUN"]
[SourceTitle "playchess.com"]
[Source "ChessBase"]
[SourceQuality "1"]
[WhiteTeam "Macau"]
[BlackTeam "Eritrea"]
[WhiteTeamCountry "MAC"]
[BlackTeamCountry "ERI"]
[TimeControl "40/5400+30:1800+30"]

1. e4 c5 2. c3 d5 3. exd5 Qxd5 4. d4 Nf6 5. Nf3 Bg4 6. Be2 e6 7. O-O Nc6 8. Be3 cxd4 9. Nxd4 Bxe2 10. Qxe2 Nxd4 11. Bxd4 Be7 12. a4 O-O 13. Na3 a6 14. Nc4 Qf5 15. a5 Nd5 16. g3 Rad8 17. Ra4 h5 18. Re1 Rfe8 19. h4 Qg6 20. Qe4 Qxe4 21. Rxe4 Bf6 22. Bb6 Nxb6 23. axb6 Rd5 24. Kg2 Red8 25. Ne3 Rb5 26. Reb4 Rc5 27. Nc4 Be7 28. Ne3 Rc6 29. Rd4 Rxd4 30. Rxd4 Bc5 31. Rd8+ Kh7 32. Rd7 Bxe3 33. fxe3 Rxb6 34. b4 Kg6 35. Kf3 Rb5 36. Ke4 f5+ 37. Kd4 Kf6 38. Rd8 g6 39. Rf8+ Ke7 40. Rg8 Rd5+ 41. Kc4 Kf6 42. Rf8+ Kg7 43. Re8 Kf7 44. Ra8 b5+ 45. Kb3 Rd6 46. Kc2 e5 47. Ra7+ Ke6 48. Rg7 Kf6 49. Ra7 g5 50. Rh7 Kg6 51. Rh8 gxh4 52. gxh4 f4 53. exf4 exf4 54. Rg8+ Kf5 55. Rg5+ Ke4 56. Rxh5 f3 57. Rh8 Rf6 58. Re8+ Kf4 59. Kd2 Rh6 60. Ke1 Rxh4 61. Rf8+ Kg3 62. Rg8+ Rg4 63. Rd8 Kg2 64. Rd2+ 0-1

[Event "45th FIDE Olympiad 2024"]
[Site "Budapest"]
[Date "2024.09.13"]
[Round "3.75"]
[White "Erdogmus, Yagiz Kaan"]
[Black "Druska, Juraj"]
[Result "1-0"]
[ECO "E20"]
[WhiteElo "2592"]
[BlackElo "2441"]
[Annotator "RC"]
[PlyCount "73"]
[EventDate "2024.09.05"]
[EventType "team-tourn"]
[EventCountry "HUN"]
[SourceTitle "playchess.com"]
[Source "ChessBase"]
[SourceQuality "1"]
[WhiteTeam "Turkiye"]
[BlackTeam "Slovakia"]
[BlackTeamCountry "SVK"]
[TimeControl "40/5400+30:1800+30"]

1. d4 Nf6 2. c4 e6 3. Nc3 Bb4 4. f3 O-O 5. e4 Ne8 6. Bd3 f5 7. Nge2 fxe4 8. Bxe4 Nd6 9. Bc2 Qh4+ 10. g3 Qh3 11. Nf4 Rxf4 12. Bxf4 Nxc4 13. Qe2 Nxb2 14. Bxh7+ Qxh7 15. Qxb2 Nc6 16. O-O d6 17. Ne4 Ba5 18. Be3 Bb6 19. Rad1 Ne7 20. h4 Bd7 21. Ng5 Qg6 22. g4 Nd5 23. Bc1 Qf6 24. Qc2 g6 25. Rf2 Rf8 26. h5 Kg7 27. Ne4 Qf7 28. Ng5 Qf6 29. Kg2 Be8 30. Re2 Bf7 31. Rh1 Bg8 32. hxg6 Nf4+ 33. Bxf4 Qxf4 34. Rh7+ Kf6 35. Ne4+ Kxg6 36. Ng3+ Rf5 37. gxf5+ 1-0

[Event "45th FIDE Olympiad 2024"]
[Site "Budapest"]
[Date "2024.09.13"]
[Round "3.75"]
[White "Lilay, Weldu Gebru"]
[Black "Wong, Kai Meng"]
[Result "1-0"]
[ECO "C08"]
[WhiteElo "1977"]
[BlackElo "1795"]
[Annotator "NA RC"]
[PlyCount "124"]
[EventDate "2024.09.05"]
[EventType "team-tourn"]
[EventCountry "HUN"]
[SourceTitle "playchess.com"]
[Source "ChessBase"]
[SourceQuality "1"]
[WhiteTeam "Eritrea"]
[BlackTeam "Macau"]
[WhiteTeamCountry "ERI"]
[BlackTeamCountry "MAC"]
[TimeControl "40/5400+30:1800+30"]

1. e4 e6 2. d4 d5 3. Nd2 c5 4. dxc5 Bxc5 5. Nb3 Bb6 6. exd5 exd5 7. Bd3 Ne7 8. Bg5 h6 9. Bf4 Bc7 10. Qf3 O-O 11. Ne2 Nbc6 12. O-O Nb4 13. Rfd1 Nxd3 14. Rxd3 Bf5 15. Rd2 Rc8 16. c3 Be4 17. Qe3 Bxf4 18. Qxf4 Qc7 19. Qg4 Bf5 20. Qd4 b6 21. Ng3 Be6 22. Re1 Rfd8 23. Qa4 Qd7 24. Qxd7 Rxd7 25. Nd4 Rd6 26. Rde2 Rcd8 27. Nxe6 fxe6 28. Rxe6 Rxe6 29. Rxe6 Kf7 30. Re3 Nc6 31. Rd3 Ne5 32. Rd1 g6 33. Kf1 b5 34. Ne2 g5 35. Nd4 a6 36. Re1 Nd3 37. Re2 Nf4 38. Re3 Rd6 39. g3 Nh5 40. a3 Ng7 41. Re5 Kf6 42. f4 Kg6 43. Kg2 gxf4 44. gxf4 Nh5 45. Kf3 Nf6 46. h4 Ne4 47. h5+ Kf6 48. Nf5 Rd8 49. Nxh6 Nd2+ 50. Kf2 Nc4 51. Ng4+ Kf7 52. Re2 d4 53. cxd4 Rxd4 54. Kf3 Nd2+ 55. Ke3 Nb3 56. Rc2 Rd6 57. f5 Nd4 58. Rc7+ Kf8 59. Ke4 Ne2 60. h6 Ng3+ 61. Ke5 Rd2 62. h7 Re2+ 1-0

[Event "45th FIDE Olympiad 2024"]
[Site "Budapest"]
[Date "2024.09.13"]
[Round "3.76"]
[White "Kostolansky, Sebastian Lukas"]
[Black "Sanal, Vahap"]
[Result "1-0"]
[ECO "C00"]
[WhiteElo "2405"]
[BlackElo "2581"]
[Annotator "RC"]
[PlyCount "101"]
[EventDate "2024.09.05"]
[EventType "team-tourn"]
[EventCountry "HUN"]
[SourceTitle "playchess.com"]
[Source "ChessBase"]
[SourceQuality "1"]
[WhiteTeam "Slovakia"]
[BlackTeam "Turkiye"]
[WhiteTeamCountry "SVK"]
[TimeControl "40/5400+30:1800+30"]

1. e4 e5 2. Nf3 Nc6 3. Bb5 Nf6 4. d3 Bc5 5. c3 O-O 6. O-O d5 7. Nbd2 dxe4 8. dxe4 Qe7 9. a4 a5 10. h3 h6 11. Qc2 Nb8 12. Re1 Nbd7 13. Bf1 b6 14. Nc4 Bb7 15. Bd2 Rfe8 16. Rad1 Bc6 17. b3 Rad8 18. Nb2 Bb7 19. Bb5 c6 20. Bf1 Nh7 21. Nc4 Bc8 22. b4 axb4 23. cxb4 Bxb4 24. Bxb4 Qxb4 25. Nd6 Re7 26. Nf5 Ree8 27. Nd6 Re7 28. Qxc6 Nb8 29. Qc4 Qxc4 30. Nxc4 Rde8 31. Rd6 Nf6 32. Nxb6 Bb7 33. Nd5 Nxd5 34. exd5 f6 35. Bb5 Rc8 36. Nd4 Rec7 37. Ne6 Re7 38. Rd1 Ba8 39. a5 Ra7 40. a6 Kf7 41. Nd8+ Kf8 42. f4 e4 43. g4 e3 44. Re1 Nd7 45. Nb7 Nc5 46. Rc6 Rxc6 47. dxc6 Nxa6 48. Ra1 Bxb7 49. cxb7 Rxb7 50. Bxa6 Rb4 51. Rf1 1-0

[Event "45th FIDE Olympiad 2024"]
[Site "Budapest"]
[Date "2024.09.13"]
[Round "3.77"]
[White "Garcia Pantoja, Roberto"]
[Black "Carlsen, Magnus"]
[Result "0-1"]
[ECO "B41"]
[WhiteElo "2550"]
[BlackElo "2832"]
[Annotator "TA"]
[PlyCount "80"]
[EventDate "2024.09.05"]
[EventType "team-tourn"]
[EventCountry "HUN"]
[SourceTitle "playchess.com"]
[Source "ChessBase"]
[SourceQuality "1"]
[WhiteTeam "Colombia"]
[BlackTeam "Norway"]
[WhiteTeamCountry "COL"]
[BlackTeamCountry "NOR"]
[TimeControl "40/5400+30:1800+30"]

1. e4 c5 2. Nf3 e6 3. d4 cxd4 4. Nxd4 a6 5. c4 Nf6 6. Nc3 Qc7 7. Be2 b6 8. O-O Bb7 {B41: Sicilian: Kan Variation: 5 c4.} 9. f3 Nc6 10. Nxc6 (10. Nb3 $14) 10... Bxc6 $11 11. Qd3 h5 12. Be3 Bd6 13. f4 Ng4 $146 ({Predecessor:} 13... Bb4 14. e5 Ng4 15. Bd4 d6 16. Bxg4 hxg4 17. a3 dxe5 18. fxe5 Be7 19. Qe3 f5 20. Bxb6 {½-½ Miranda,R (2304)-Flores,D (2547) Vicente Lopez ProAm 100 Years op 2022 (9)}) 14. e5 Be7 15. Bd4 d6 16. exd6 Bxd6 17. Bf3 (17. Bxg4 $11 hxg4 18. Qe3) 17... Bxf3 (17... O-O-O $1 $17 18. c5 Bxf4 19. Qxa6+ (19. Bxc6 $2 Be3+ 20. Rf2 Bxf2+ 21. Kf1 Rxd4 $19) 19... Kb8) 18. Qxf3 $11 O-O 19. Ne4 Qxc4 20. Rad1 Be7 21. b3 Qb5 22. a4 {[#]} (22. Qg3 $1 $15) 22... Qb4 $1 $17 23. h3 {[#]} Nh6 $1 24. Bc3 (24. Be5 $17) 24... Qxb3 $19 25. Rd7 Nf5 (25... Qxa4 $2 26. Rxe7 Qc4 27. Be5 $18) 26. Rfd1 $2 (26. g4 Nh4 (26... Qxa4 27. gxf5 Qxd7 28. f6 $11) 27. Qg3 Qxa4 28. Rxe7 Qxe4 29. Bxg7 (29. Qxh4 $2 Qe3+ 30. Kh2 Qxc3 $19) 29... Kxg7 30. Qxh4) 26... Rad8 $19 27. g4 Nh4 28. Qe2 Qxa4 29. R1d4 Qa3 ({Don't do} 29... Qxd7 30. Rxd7 Rxd7 31. Qc4 $19) 30. Kh2 Rxd7 31. Rxd7 Rd8 32. Ra7 (32. Rxd8+ $142 Bxd8 33. gxh5) 32... hxg4 $19 33. hxg4 Ng6 34. f5 Bd6+ 35. Kg1 Qc1+ 36. Qe1 Bc5+ ({Not} 36... Qxe1+ 37. Bxe1 Nf4 (37... exf5 $2 38. gxf5 Nf4 39. Bh4 $19) 38. Bh4 Bc5+ 39. Nxc5 Rd1+ 40. Kf2 bxc5 41. Ra8+ Kh7 42. fxe6 Nxe6 43. Rxa6 $17) 37. Kg2 Nh4+ 38. Qxh4 Qg1+ 39. Kf3 Rd3+ 40. Ke2 Qd1# 0-1

[Event "45th FIDE Olympiad 2024"]
[Site "Budapest"]
[Date "2024.09.13"]
[Round "3.77"]
[White "Kabamwanishi, Mashala"]
[Black "Muhammed, Shuaau"]
[Result "0-1"]
[ECO "D00"]
[WhiteElo "1914"]
[BlackElo "2052"]
[Annotator "NA RC"]
[PlyCount "68"]
[EventDate "2024.09.05"]
[EventType "team-tourn"]
[EventCountry "HUN"]
[SourceTitle "playchess.com"]
[Source "ChessBase"]
[SourceQuality "1"]
[WhiteTeam "Democratic Republic of the Congo"]
[BlackTeam "Maldives"]
[BlackTeamCountry "MDV"]
[TimeControl "40/5400+30:1800+30"]

1. d4 d5 2. e3 Nf6 3. Bd3 c5 4. c3 Nc6 5. f4 e6 6. Nf3 Be7 7. Nbd2 Qc7 8. Ne5 O-O 9. O-O Ne8 10. Rf3 f5 11. g4 Nf6 12. h3 c4 13. Bc2 b5 14. Nf1 Ne4 15. Nxc6 Qxc6 16. Bxe4 fxe4 17. Rf2 b4 18. Bd2 a5 19. Rc1 Bd7 20. Be1 Qb7 21. Rg2 a4 22. cxb4 Bxb4 23. h4 a3 24. Bxb4 Qxb4 25. Qd2 Rfb8 26. bxa3 Rxa3 27. Re2 c3 28. Qe1 Qa5 29. f5 exf5 30. gxf5 Bxf5 31. Rec2 Rc8 32. Nd2 Rxa2 33. Nb3 Qa6 34. Rxc3 Qg6+ 0-1

[Event "45th FIDE Olympiad 2024"]
[Site "Budapest"]
[Date "2024.09.13"]
[Round "3.78"]
[White "Christiansen, Johan-Sebastian"]
[Black "Cardoso Cardoso, Jose Gabriel"]
[Result "1-0"]
[ECO "B94"]
[WhiteElo "2661"]
[BlackElo "2508"]
[Annotator "TA"]
[PlyCount "51"]
[EventDate "2024.09.05"]
[EventType "team-tourn"]
[EventCountry "HUN"]
[SourceTitle "playchess.com"]
[Source "ChessBase"]
[SourceQuality "1"]
[WhiteTeam "Norway"]
[BlackTeam "Colombia"]
[WhiteTeamCountry "NOR"]
[BlackTeamCountry "COL"]
[TimeControl "40/5400+30:1800+30"]

1. e4 c5 2. Nf3 d6 3. d4 cxd4 4. Nxd4 Nf6 5. Nc3 a6 6. Bg5 Nbd7 7. Bc4 Qb6 8. Qd2 (8. Bb3 $11) 8... Qxb2 $15 9. Rb1 Qa3 {Black has an edge.} 10. O-O $1 Qc5 11. Bd5 e6 12. Rfe1 h6 (12... exd5 13. exd5+ Ne5 14. f4 Nxd5 15. Nxd5 Qxd5 16. fxe5 dxe5 17. Rxe5+ Qxe5 18. Re1 $18) (12... Nb6 $5) 13. Bh4 ({White should try} 13. Bxf6 $11 Nxf6 14. Bxb7 Bxb7 15. Rxb7) 13... g5 (13... exd5 14. exd5+ Kd8 15. Ne4 $16) (13... Nb6 $1 $15) 14. Bg3 $1 $11 Ne5 (14... Nb6 $11) 15. Bxb7 $14 Bxb7 16. Rxb7 Be7 17. Rd1 {Threatens to win with Na4.} (17. Na4 $5 Qc8 $8 18. Rb3 $14 (18. Qb4 Ned7 $14)) 17... Bd8 (17... Ned7 $11 {keeps the balance.}) 18. Nde2 {White is more active.} (18. Nb3 $1 $16 Qc8 19. Qxd6) 18... Bc7 (18... Qc8 $11 {remains equal.} 19. Rdb1 Qc5) 19. Rb3 (19. Na4 $16 Qc4 20. Qd4 Qxd4 21. Nxd4) 19... O-O (19... Rc8 {with more complications.} 20. h4 gxh4 21. Bxh4 Rg8) 20. h4 Nc4 21. Qc1 Rfd8 $2 {[#] This move loses the game for Black.} (21... Nh5 $11) 22. hxg5 $1 $18 hxg5 {[#]} (22... Qxg5 23. Bf4 Qg6) 23. e5 (23. Rd5 $142 $1 Nxd5 24. Qxg5+ Kf8 25. exd5) 23... Nh7 (23... Ne3 $142 24. exd6 (24. fxe3 dxe5 25. Rd3 Ba5 $18) (24. Qxe3 Qxe3 25. fxe3 dxe5 $18) (24. exf6 Nxd1 25. Qxd1 Rab8 $18) 24... Bxd6) 24. Ne4 $1 Qc6 25. Nf6+ (25. Nxg5 dxe5 $18) 25... Kg7 26. Nd4 {Weighted Error Value: White=0.41/Black=0.48.  Loses game:     	---       	Black=1      Mistake:       	White=5     	Black=6      Inaccurate:     	---       	Black=1      OK:         	White=2     	Black=2      Best:        	White=1     	Black=1      Strong:       	White=3     	---} 1-0

[Event "45th FIDE Olympiad 2024"]
[Site "Budapest"]
[Date "2024.09.13"]
[Round "3.79"]
[White "Avila Pavas, Santiago"]
[Black "Tari, Aryan"]
[Result "1/2-1/2"]
[ECO "B13"]
[WhiteElo "2485"]
[BlackElo "2642"]
[Annotator "TA"]
[PlyCount "124"]
[EventDate "2024.09.05"]
[EventType "team-tourn"]
[EventCountry "HUN"]
[SourceTitle "playchess.com"]
[Source "ChessBase"]
[SourceQuality "1"]
[WhiteTeam "Colombia"]
[BlackTeam "Norway"]
[WhiteTeamCountry "COL"]
[BlackTeamCountry "NOR"]
[TimeControl "40/5400+30:1800+30"]

1. e4 c6 2. d4 d5 3. exd5 cxd5 4. c4 Nf6 5. Nc3 Nc6 6. Nf3 a6 $1 {[%mdl 4] is now more promising than 6...Bg4.} 7. h3 {B13: Caro-Kann: Exchange Variation and Panov-Botvinnik Attack.} dxc4 8. Bxc4 e6 9. O-O b5 $146 ({Predecessor:} 9... Be7 10. Re1 O-O 11. Be3 b5 12. Bb3 Na5 13. Bc2 Bb7 14. Ne5 Rc8 {½-½ Caro Estrada,E (1609)-Rosado Perez,M (1809) COL-ch U26 (Women) 2022 (2)}) 10. Bb3 Na5 11. Bc2 Bb7 12. Ne5 Be7 13. Bg5 O-O 14. Qd3 g6 15. Bh6 Re8 16. a3 Rc8 17. Rfe1 Nc4 18. Bb3 Nxe5 19. Rxe5 Nd7 20. Re3 Bg5 21. Bxg5 Qxg5 22. Ne4 Qf4 23. d5 exd5 24. Bxd5 Bxd5 25. Qxd5 Nf6 26. Nxf6+ Qxf6 27. Rxe8+ Rxe8 28. Qd2 h5 29. Rd1 Kg7 30. Qc2 h4 31. Qd2 Re6 32. Qc2 a5 33. Qd2 a4 34. Qc2 Re8 35. Qd2 Re4 36. Qc2 Qe5 37. Qc3 (37. Kf1 $1 $11 {remains equal.}) 37... Qxc3 $17 38. bxc3 Re2 39. Rb1 {[#]} Re5 ({Black should play} 39... Ra2 $1 $17 40. Rxb5 Rxa3) 40. Kf1 Kf6 41. Rd1 Ke6 42. Rd4 Rc5 43. Rd3 $1 Rd5 44. Ke2 g5 45. Re3+ Kd6 46. g4 Re5 47. Rxe5 $1 Kxe5 48. Ke3 Kd5 49. Kd3 Kc5 50. Kd2 $1 Kd6 51. Ke2 $1 Ke6 52. Kd2 $1 Kd5 53. Kd3 Kc5 54. Kd2 $1 Kc4 55. Kc2 Kc5 56. Kd2 $1 Kd6 (56... Kc4 $5 57. Kc2 $8 Kd5 (57... f6 58. f3 $11) 58. Kd3 $11) 57. Ke2 $1 Ke6 (57... Kd5 $5 58. Kd3 $8 $11) 58. Kd2 $1 f5 59. f3 $1 fxg4 60. fxg4 Kd6 61. Ke2 Kc5 62. Kd2 (62. Kd3 $5) 62... Kd6 (62... Kc4 $5 63. Kc2 $8 Kd5 $11) 1/2-1/2

[Event "45th FIDE Olympiad 2024"]
[Site "Budapest"]
[Date "2024.09.13"]
[Round "3.79"]
[White "Kasongo, Kazadi Olivier"]
[Black "Hussain, Nimal"]
[Result "1/2-1/2"]
[ECO "A45"]
[WhiteElo "1794"]
[BlackElo "1805"]
[Annotator "NA"]
[PlyCount "174"]
[EventDate "2024.09.05"]
[EventType "team-tourn"]
[EventCountry "HUN"]
[SourceTitle "playchess.com"]
[Source "ChessBase"]
[SourceQuality "1"]
[WhiteTeam "Democratic Republic of the Congo"]
[BlackTeam "Maldives"]
[BlackTeamCountry "MDV"]
[TimeControl "40/5400+30:1800+30"]

1. d4 Nf6 2. Bf4 c5 3. e3 Qb6 4. b3 Nc6 5. Nf3 g6 6. a4 Bg7 7. Ra2 Nh5 8. d5 Nb4 9. a5 Qd8 10. Ra4 Nxf4 11. exf4 Qc7 12. g3 d6 13. Bb5+ Bd7 14. Bxd7+ Qxd7 15. O-O Qf5 16. c4 O-O 17. Nh4 Qc2 18. Qxc2 Nxc2 19. Ra2 Nd4 20. Nd2 b6 21. Nhf3 bxa5 22. Nxd4 Bxd4 23. Rxa5 Rfb8 24. Rc1 Rb7 25. Rc2 Rab8 26. Ra3 Kf8 27. Kg2 h5 28. h4 Bf6 29. Rca2 Bc3 30. Nb1 Be1 31. Rb2 a5 32. Kf1 Bb4 33. Ra4 Kg7 34. Ke2 Kf6 35. f3 Re8 36. Nd2 Bxd2 37. Kxd2 Ra8 38. Kc3 Rb4 39. Rba2 Rab8 40. R2a3 Rxa4 41. Rxa4 Ra8 42. Ra1 Kf5 43. Kb2 e5 44. fxe5 Kxe5 45. Re1+ Kf6 46. Ka3 Rb8 47. Re3 Rb4 48. Re4 Rb8 49. g4 hxg4 50. fxg4 Rb7 51. Re3 Rb4 52. Rf3+ Kg7 53. g5 Kf8 54. Re3 a4 55. bxa4 Rxc4 56. a5 Rc1 57. Ka4 Rc4+ 58. Ka3 Rc1 59. Ka4 Rc4+ 60. Kb5 Rb4+ 61. Ka6 c4 62. Re4 Kg7 63. Rf4 Kg8 64. Ka7 Kg7 65. a6 Kg8 66. Ka8 Kg7 67. Re4 Kf8 68. a7 Kg7 69. Re7 c3 70. Rc7 Rb3 71. Rc8 Kh7 72. Rb8 Rb2 73. Rb7 Kg7 74. Kb8 Rxb7+ 75. Kxb7 c2 76. a8=Q c1=Q 77. Qa4 Kf8 78. Qe4 Qc5 79. Ka6 Qa3+ 80. Kb6 Qc5+ 81. Kb7 Kg7 82. Kb8 Kf8 83. Kb7 Kg7 84. Ka6 Kf8 85. Qh1 Ke7 86. Qf3 Qc4+ 87. Kb7 Qb5+ 1/2-1/2

[Event "45th FIDE Olympiad 2024"]
[Site "Budapest"]
[Date "2024.09.13"]
[Round "3.80"]
[White "Urkedal, Frode Olav Olsen"]
[Black "Valderrama Quiceno, Esteban Alb"]
[Result "1-0"]
[ECO "B08"]
[WhiteElo "2546"]
[BlackElo "2418"]
[Annotator "RC"]
[PlyCount "55"]
[EventDate "2024.09.05"]
[EventType "team-tourn"]
[EventCountry "HUN"]
[SourceTitle "playchess.com"]
[Source "ChessBase"]
[SourceQuality "1"]
[WhiteTeam "Norway"]
[BlackTeam "Colombia"]
[WhiteTeamCountry "NOR"]
[BlackTeamCountry "COL"]
[TimeControl "40/5400+30:1800+30"]

1. e4 d6 2. d4 Nf6 3. Nc3 g6 4. Be3 c6 5. Nf3 Bg7 6. Qd2 O-O 7. Bh6 Bg4 8. h4 Bxf3 9. gxf3 e5 10. Bxg7 Kxg7 11. O-O-O Qe7 12. Ne2 Nbd7 13. Ng3 Rad8 14. h5 Kh8 15. f4 Rfe8 16. f3 Nf8 17. f5 g5 18. Qxg5 N8d7 19. h6 Rg8 20. Qh4 exd4 21. Nh5 c5 22. Bb5 Rge8 23. Nxf6 Qxf6 24. Qxf6+ Nxf6 25. Bxe8 Rxe8 26. c3 d5 27. cxd4 dxe4 28. fxe4 1-0

[Event "45th FIDE Olympiad 2024"]
[Site "Budapest"]
[Date "2024.09.13"]
[Round "3.81"]
[White "Navara, David"]
[Black "Rodrigue-Lemieux, Shawn"]
[Result "1-0"]
[ECO "B12"]
[WhiteElo "2681"]
[BlackElo "2509"]
[Annotator "TA"]
[PlyCount "53"]
[EventDate "2024.09.05"]
[EventType "team-tourn"]
[EventCountry "HUN"]
[SourceTitle "playchess.com"]
[Source "ChessBase"]
[SourceQuality "1"]
[WhiteTeam "Czech Republic"]
[BlackTeam "Canada"]
[WhiteTeamCountry "CZE"]
[BlackTeamCountry "CAN"]
[TimeControl "40/5400+30:1800+30"]

1. e4 c6 2. d4 d5 3. e5 Bf5 4. Nf3 e6 5. Be2 c5 6. Be3 Qb6 7. Nc3 Nc6 8. Bb5 (8. O-O $5) 8... c4 9. O-O Nge7 10. b3 {The position is equal.} a6 11. Ba4 {bxc4 is the strong threat.} Qa5 12. Bd2 Qd8 13. bxc4 dxc4 14. Bg5 $1 {Black must now prevent Nh4.} Qa5 (14... b5 15. Bxb5 axb5 16. Nxb5) 15. Rb1 $1 {[%cal Ob1b7] Hoping for Rxb7!} Qxc3 (15... b5 $11 16. Nxb5 axb5 (16... Qxa4 $2 17. Nd6+ Kd8 18. d5 $18) 17. Bxb5 Qc7 (17... Qxa2 $2 18. d5 $18) 18. Bxe7 Bxe7) 16. Rxb7 $16 Be4 {[#] A mistake that costs the game.} (16... Rc8 $16) 17. d5 $1 $40 {[%mdl 640] White is out for blood.} Bxd5 (17... exd5 $2 18. Nd4 O-O-O 19. Nxc6 (19. Bxc6 Nxc6 20. Nxc6 Kxb7 $18) 19... Kxb7 20. Nxd8+ Kc7 21. Nxf7 $18) 18. Bxe7 {[%cal Od1d5] White wants to mate with Qxd5!} Qa5 {[#]} (18... Bxe7 $2 19. Bxc6+ Kf8 (19... Bxc6 $2 20. Rxe7+ Kf8 21. Qd6 $18) 20. Bxd5 $18) 19. c3 $1 Bxe7 {[#]} 20. Bxc6+ $1 Kf8 ({Reject} 20... Bxc6 21. Rxe7+ Kf8 (21... Kxe7 $2 22. Qd6+ Ke8 23. Qxc6+ Ke7 24. Qb7+ Ke8 25. Qxa8+ $18) 22. Qd6 $18) 21. Bxd5 Rd8 $2 {[#]} (21... Qxd5 22. Qxd5 exd5) 22. Bxc4 $1 Rxd1 23. Rxd1 {[%cal Bf1d1,Bd1d7,Bd7f7][%mdl 32] aiming for Rb8+.} g5 {Black is weak on the light squares} 24. Rdd7 Bd8 (24... Qa3 $18 25. Rxe7 Qxe7 26. Rxe7 Kxe7 27. Nxg5 Rc8) 25. Nd4 {White mates.} Kg7 26. Rxf7+ Kh6 27. Bd3 {Weighted Error Value: White=0.02 (flawless) /Black=0.75.  Mistake:       	---       	Black=4      OK:         	White=6     	Black=9      Best:        	White=3     	Black=2      Strong:       	White=3     	---        Brilliant:      	White=2     	---} 1-0

[Event "45th FIDE Olympiad 2024"]
[Site "Budapest"]
[Date "2024.09.13"]
[Round "3.81"]
[White "Khan, Taffin"]
[Black "Enemchukwu, Chinedu Benjamin"]
[Result "1-0"]
[ECO "A40"]
[WhiteElo "2066"]
[BlackElo "2001"]
[Annotator "NA RC"]
[PlyCount "109"]
[EventDate "2024.09.05"]
[EventType "team-tourn"]
[EventCountry "HUN"]
[SourceTitle "playchess.com"]
[Source "ChessBase"]
[SourceQuality "1"]
[WhiteTeam "Guyana"]
[BlackTeam "Saint Vincent and the Grenadines"]
[WhiteTeamCountry "GUY"]
[TimeControl "40/5400+30:1800+30"]

1. d4 e5 2. dxe5 Nc6 3. Nf3 d6 4. exd6 Bxd6 5. g3 Bg4 6. Bg2 Qe7 7. O-O O-O-O 8. Qe1 Nf6 9. h3 h5 10. Bg5 Qe6 11. Bxf6 Qxf6 12. Qc3 Qe6 13. Na3 Bb4 14. Qb3 Qxb3 15. axb3 Bxf3 16. exf3 Rd2 17. c3 Bxa3 18. bxa3 Rhd8 19. f4 Na5 20. Rab1 c6 21. Rfc1 Kc7 22. Bf1 b6 23. Re1 Nb7 24. Re7+ R8d7 25. Re5 g6 26. f5 Nc5 27. b4 Na4 28. fxg6 fxg6 29. Re6 R2d6 30. Rxd6 Rxd6 31. c4 a5 32. Rb3 c5 33. b5 Kd7 34. Rd3 Nb2 35. Rxd6+ Kxd6 36. f4 Ke6 37. Kf2 Kf5 38. Kf3 g5 39. fxg5 Kxg5 40. Be2 Na4 41. Ke3 Nc3 42. Bd3 Nd1+ 43. Ke2 Nb2 44. Kd2 h4 45. gxh4+ Kxh4 46. Be2 Kxh3 47. Kc3 Nxc4 48. Kxc4 Kg3 49. Kd5 Kf2 50. Bc4 Ke3 51. Kc6 Kd4 52. Bg8 c4 53. Kxb6 a4 54. Ka5 c3 55. Bh7 1-0

[Event "45th FIDE Olympiad 2024"]
[Site "Budapest"]
[Date "2024.09.13"]
[Round "3.82"]
[White "Panjwani, Raja"]
[Black "Nguyen, Thai Dai Van"]
[Result "1/2-1/2"]
[ECO "A11"]
[WhiteElo "2460"]
[BlackElo "2647"]
[Annotator "TA"]
[PlyCount "161"]
[EventDate "2024.09.05"]
[EventType "team-tourn"]
[EventCountry "HUN"]
[SourceTitle "playchess.com"]
[Source "ChessBase"]
[SourceQuality "1"]
[WhiteTeam "Canada"]
[BlackTeam "Czech Republic"]
[WhiteTeamCountry "CAN"]
[BlackTeamCountry "CZE"]
[TimeControl "40/5400+30:1800+30"]

1. Nf3 Nf6 2. c4 c6 3. Nc3 d5 4. e3 Nbd7 5. Qc2 e5 6. cxd5 {A11: English Opening: 1...c6.} Nxd5 7. d4 {7.d4 is the modern continuation.} Nb4 8. Qd2 exd4 9. Nxd4 Nb6 10. a3 N4d5 11. Be2 $146 ({Predecessor:} 11. b4 Be7 12. Ne4 O-O 13. Be2 Re8 14. O-O Bxb4 15. axb4 Rxe4 16. Bb2 Re8 17. Rfd1 {0-1 Kovchan,A (2596)-Matlakov,M (2707) EU-ch 19th Batumi 2018 (7)}) 11... Nxc3 12. Qxc3 Bd6 13. b3 O-O 14. Bb2 Nd5 15. Qc2 Re8 16. Bf3 Qg5 17. O-O Bd7 18. Rfd1 Rad8 19. Ne2 Bf5 20. Qc4 Nb6 21. Qc3 Be5 22. Rxd8 Qxd8 23. Qc1 Nd7 24. Nd4 Qf6 25. Ra2 Bg6 26. b4 Qd6 27. h3 Qe7 28. Ba1 Bb8 29. Rd2 Nf6 30. Nb3 Ne4 31. Bxe4 Bxe4 32. Nc5 Bd5 33. Qc3 Qg5 34. f4 Qg3 35. Re2 Qg6 36. f5 Qg3 37. e4 b6 38. Re3 Qg5 39. h4 Qh6 40. Nd7 Bf4 41. Rf3 Bd2 42. Qxg7+ Qxg7 43. Bxg7 Rxe4 44. Bd4 Re1+ 45. Rf1 Be3+ 46. Bxe3 Rxe3 47. Rf4 Rg3 48. Nf6+ Kf8 49. Rf2 (49. Nxh7+ $2 Kg7 50. Ng5 Rxg2+ 51. Kf1 $19) (49. Nxd5 $11 {keeps the balance.}) 49... Ke7 $1 $17 (49... Rxa3 $6 50. b5 $11) 50. Nh5 Rxa3 51. Re2+ Kd6 52. Nf6 Bc4 53. Re8 (53. Re4 $1 $15 Rc3 54. Nxh7) 53... Ra1+ (53... a5 $142 54. bxa5 Rxa5 (54... bxa5 55. Nxh7 Ra1+ 56. Kh2 $11) 55. Ne4+ Kd5 (55... Kc7 $2 56. Re7+ Kd8 57. Rb7 $19)) 54. Kh2 $17 h6 (54... a5 $17 55. bxa5 Rxa5 (55... bxa5 56. Nxh7 a4 57. Nf6 $11) 56. Nxh7 Rxf5) 55. Ne4+ Kd5 56. Nf6+ Kd4 57. g4 Ra2+ (57... Bd3 $15 58. Re7 c5 59. bxc5 bxc5) 58. Kg3 $11 Ra3+ 59. Kf4 Rh3 60. h5 a5 61. Re4+ Kd3 62. bxa5 bxa5 63. Nd7 Bd5 $2 (63... Kc3 $11) 64. Ra4 $1 $18 Ke2 ({Much worse is} 64... Rf3+ 65. Ke5) (64... Bb3 $142 65. Nc5+ (65. Rxa5 Kd4 $11) 65... Ke2 66. Nxb3 Rxb3) 65. Rxa5 $18 Re3 66. Nf6 Rf3+ 67. Ke5 Re3+ 68. Kd6 Kf3 69. g5 hxg5 {[#]} 70. h6 $2 (70. Ra4 $1 $16 {[%cal Oh5h6] h6! is the strong threat.} g4 71. h6 (71. Nxg4 Re4 $11) (71. Rxg4 Be6 $16)) 70... Kf4 $1 $11 71. h7 Rh3 72. Ra8 Kxf5 73. Ke7 (73. h8=R $2 {too greedy.} Rxh8 74. Rxh8 Kxf6 75. Rh6+ Kf5 $19) 73... Re3+ 74. Kf8 Rh3 75. Kg7 g4 76. h8=Q Rxh8 77. Rxh8 g3 78. Rh5+ Kf4 79. Kh6 g2 80. Rg5 $2 {[%mdl 8192] [#]} (80. Nxd5+ $11 cxd5 81. Rg5) 80... Bf3 $1 $19 81. Nh5+ 1/2-1/2